 Dungeon Crawl Stone Soup version 0.22.1-1-ga44c0e56f4 (webtiles) character file.

252 JedernureinKreuz the Conjurer (level 5, 0/39 HPs)
             Began as a Demigod Conjurer on Sept 23, 2018.
             Killed by divine providence
             ... invoked by an orc priest
              (14 damage)
             ... on level 3 of the Dungeon.
             The game lasted 00:09:41 (2559 turns).

JedernureinKreuz the Conjurer (Demigod Conjurer)    Turns: 2559, Time: 00:09:42

Health: 0/39       AC: 10    Str: 11    XL:     5   Next: 58%
Magic:  6/11       EV: 12    Int: 21    God:
Gold:   202        SH:  0    Dex: 16    Spells: 4/9 levels left

rFire    . . .     SeeInvis .   s - +1 dagger (elec)
rCold    . . .     Gourm    .   (no shield)
rNeg     . . .     Faith    +   j - +0 leather armour
rPois    .         Spirit   .   (no helmet)
rElec    .         Reflect  .   (no cloak)
rCorr    .         Harm     .   b - +0 pair of gloves
MR       .....                  h - +2 pair of boots
Stlth    ++........             i - amulet of faith
HPRegen  0.13/turn              n - +3 ring of protection
MPRegen  0.12/turn              (no ring)

@: no status effects
A: high mp 1
a: no special abilities


You were on level 3 of the Dungeon.
You were not hungry.

You visited 1 branch of the dungeon, and saw 3 of its levels.

You collected 202 gold pieces.

Inventory:

Hand Weapons
 d - a +0 dagger of electrocution
 s - a +1 dagger of electrocution (weapon)
Missiles
 f - 5 tomahawks (quivered)
 t - 32 bolts
Armour
 a - a +0 robe
 b - a +0 pair of gloves (worn)
 h - a +2 pair of boots (worn)
 j - a +0 leather armour (worn)
Jewellery
 i - an amulet of faith (around neck)
 n - a +3 ring of protection (left hand)
Scrolls
 g - a scroll of identify
 m - a scroll of remove curse
Potions
 e - 2 potions of invisibility
 k - a potion of berserk rage
 p - a potion of magic
 q - a potion of ambrosia
Comestibles
 c - 6 rations
 l - 9 chunks of flesh


   Skills:
 + Level 0.4 Fighting
 + Level 1.4 Short Blades
 + Level 2.0 Armour
 + Level 2.5 Dodging
 + Level 2.4 Stealth
 + Level 2.6 Spellcasting
 + Level 4.7 Conjurations


You had 4 spell levels left.
You knew the following spells:

 Your Spells              Type           Power        Failure   Level  Hunger
a - Magic Dart            Conj           ###.         2%          1    None
b - Iskenderun's Mystic   Conj           ###.....     26%         4    ####...

Your spell library contained the following spells:

 Spells                   Type           Power        Failure   Level  Hunger
 Searing Ray              Conj           ###...       4%          2    ##.....
 Dazzling Spray           Conj/Hex       ##....       21%         3    ###....
 Force Lance              Conj/Tloc      ##......     56%         4    ####...
 Fulminant Prism          Conj/Hex       ##........   56%         4    ####...


Dungeon Overview and Level Annotations

Branches:
Dungeon (3/15)


Innate Abilities, Weirdness & Mutations

You have an increased reservoir of magic. (+10% MP)


Message History

The orc priest calls down the wrath of Beogh upon you.
Beogh smites you! The adder bites you but does no damage.
Casting: Magic Dart (safe; 2% risk of failure)
Confirm with . or Enter, or press ? or * to list all spells.
Aiming: Magic Dart (safe; 2% risk of failure)
Press: ? - help, Shift-Dir - straight line, f/p - adder
Aim: an adder (almost dead)
The magic dart hits the adder.
You kill the adder!
Your Armour skill increases to level 2!
A magic dart appears from out of thin air!
The magic dart hits you!
You hear some strange, mumbled words.
A puff of flame appears from out of thin air!
The puff of flame misses you.
The orc priest calls down the wrath of Beogh upon you.
Beogh smites you!
The orc priest mumbles some strange prayers to Beogh against you.
Beogh smites you!
You die...

#...* *.# *,* #.).* *.# *,*
*######<..######.# *,*
###.........o..o.#.# *,*
..#.######.#####.#.# *,*
#.#.# #,* #.#.# *,* #.#.##
*,* #o#.######*,* #....#
*,* #.........,,* ...#.#
*,* #@..#####.,,* #....#
*,* #÷........*,* #.##.#
#.#####..######.,,* #.##.##
#......÷.# **,**
#.#...##########÷## *,*
#.#..............# *,*
..#...############ *,*
####### *************,*
.#######*****,,,,,,,,,,,,,*


You could see an orc priest and an orc.

Vanquished Creatures
  2 hounds (D:3)
  Natasha (D:2)
  A gnoll (D:3)
  7 adders
  2 worms
  3 dart slugs
  5 leopard geckos
  2 orcs (D:3)
  2 giant cockroaches (D:3)
  5 goblins
  8 hobgoblins
  16 jackals
  A ball python (D:2)
  8 bats
  A frilled lizard (D:3)
  9 kobolds
  6 rats
79 creatures vanquished.

Notes
Turn   | Place    | Note
-------+----------+-------------------------------------------
     0 | D:1      | JedernureinKreuz the Demigod Conjurer began the quest for
                  | the Orb.
     0 | D:1      | Reached XP level 1. HP: 14/14 MP: 5/5
   389 | D:1      | Found an iron altar of Okawaru.
   468 | D:1      | Reached skill level 4 in Conjurations
   561 | D:1      | Reached XP level 2. HP: 20/20 MP: 4/7
  1073 | D:2      | Noticed Natasha
  1078 | D:2      | Killed Natasha
  1078 | D:2      | Reached XP level 3. HP: 21/26 MP: 3/8
  1516 | D:2      | Reached XP level 4. HP: 33/33 MP: 4/10
  1522 | D:2      | Learned a level 4 spell: Iskenderun's Mystic Blast
  1648 | D:2      | Reached skill level 1 in Armour
  2101 | D:3      | Reached skill level 1 in Short Blades
  2101 | D:3      | Reached XP level 5. HP: 38/38 MP: 9/11
  2559 | D:3      | Killed from afar by an orc priest

Skill      XL: |  1  2  3  4  5 |
---------------+----------------+-----
Conjurations   | 4 |  4.7
Dodging        | 2 |  2.5
Spellcasting   | 2 |  2.6
Stealth        | 2 |  2.4
Armour         | 1 2 |  2.0
Short Blades   | 1 |  1.4
Fighting       | |  0.4

Action                   |  1- 3 |  4- 6 || total
-------------------------+-------+-------++-------
Melee: Dagger            |    88 |    54 ||   142
 Cast: Magic Dart        |    42 |    65 ||   107
  Use: Scroll            |       |    11 ||    11
 Stab: Sleeping          |     1 |     4 ||     5
       Distracted        |       |     1 ||     1
  Eat: Chunk             |     2 |     4 ||     6
Armor: Leather armour    |    28 |    36 ||    64
       Robe              |     1 |       ||     1
Dodge: Dodged            |    69 |    48 ||   117
